 Dungeon Crawl Stone Soup version 0.26-b1-57-gb162d0664a (webtiles) character file.

Game seed: 117900218877469676

56 Froggeryz the Cudgeller (level 3, -4/34 HPs)
             Began as a Gargoyle Berserker on Jan 8, 2021.
             Was a Believer of Trog.
             Slain by Crazy Yiuf
             ... wielding a +4 quarterstaff of chaos
              (10 damage)
             ... on level 2 of the Dungeon.
             The game lasted 00:01:26 (1957 turns).

Froggeryz the Cudgeller (Gargoyle Berserker)        Turns: 1957, Time: 00:01:26

Health: -4/34      AC:  9    Str: 21    XL:     3   Next: 95%
Magic:  0/3        EV: 11    Int:  7    God:    Trog [**....]
Gold:   84         SH:  0    Dex:  9    Spells: 2/2 levels left

rFire    . . .     SeeInvis .   a - +0 mace
rCold    . . .     Faith    .   (no shield)
rNeg     + . .     Spirit   .   f - +0 ring mail
rPois    ∞         Reflect  .   o - +0 helmet
rElec    +         Harm     .   (no cloak)
rCorr    .         Rampage  .   (no gloves)
Will     .....     Rnd*Tele +   (no boots)
Stlth    ..........             (no amulet)
HPRegen  0.11/turn              d - ring of teleportation (curse)
MPRegen  0.08/turn              (no ring)

@: berserking, very quick
A: negative energy resistance 1, electricity resistance, unbreathing,
petrification resistance, miasma immunity, AC +3
a: Renounce Religion, Berserk, Trog's Hand


You were on level 2 of the Dungeon.
You worshipped Trog.
Trog was pleased with you.
You visited 1 branch of the dungeon, and saw 2 of its levels.

You collected 84 gold pieces.

Inventory:

Hand Weapons
 a - a +0 mace (weapon)
Armour
 f - a +0 ring mail (worn)
 o - a +0 helmet (worn)
Jewellery
 d - a cursed ring of teleportation (left hand)
Scrolls
 b - 2 scrolls of immolation {unknown}
 e - 4 scrolls of identify {unknown}
 g - a scroll of teleportation {unknown}
 j - a scroll of enchant armour {unknown}
 l - 3 scrolls of amnesia {unknown}
 m - a scroll of noise {unknown}
Potions
 c - a potion of flight {unknown}
 h - a potion of degeneration {unknown}
 i - a potion of ambrosia {unknown}
 k - 4 potions of curing {unknown}
 n - a potion of resistance {unknown}
 p - a potion of attraction {unknown}


   Skills:
 - Level 3.2 Fighting
 * Level 4.7 Maces & Flails
 - Level 2.1 Armour
 - Level 1.5 Dodging


You had 2 spell levels left.
You didn't know any spells.
Your spell library was empty.

Dungeon Overview and Level Annotations

Branches:
Dungeon (2/15)

Altars:
Nemelex Xobeh
Ru
Yredelemnul

Annotations:
D:2 Crazy Yiuf


Innate Abilities, Weirdness & Mutations

You are resistant to torment.
Your stone body is resilient. (AC +3)
You are immune to poison.
You resist negative energy. (rN+)
You are resistant to electric shocks. (rElec)
You can survive without breathing.
You are immune to petrification.
You are immune to miasma.


Message History

You are too injured to fight recklessly!
You are too injured to fight recklessly!
You are too injured to fight recklessly!
You are too injured to fight recklessly!
You are too injured to fight recklessly!
You sock Crazy Yiuf!
Crazy Yiuf is moderately wounded.
Crazy Yiuf hits you with a +4 quarterstaff of chaos!
* * * LOW HITPOINT WARNING * * *
You feel your power leaking away.
You hit Crazy Yiuf but do no damage.
Crazy Yiuf is moderately wounded.
Crazy Yiuf flaps his cloak.
Crazy Yiuf barely misses you.
A red film seems to cover your vision as you go berserk!
You feel yourself moving faster!
You feel mighty! Crazy Yiuf barely misses you.
You barely miss Crazy Yiuf.
Crazy Yiuf is moderately wounded.
Crazy Yiuf hits you with a +4 quarterstaff of chaos!
You die...

#.# #.# #.# #.#
###.####.## #.# #.#
.........># #.# #.#
###.###..## ### #.#
#.##...# #.# ###......#
#.# .........# ###
########.### ###....#.#
#)..### ##.+.........
#.####.#
#...g@####......######
#......#
#...##..#......##
######.# ###
###.#..'.## #######.#
######## #.......#
#.#####.#
##.#####.#######
...............#
##.#####.#####.########


You could see Crazy Yiuf.

Vanquished Creatures
  2 worms (D:2)
  2 dart slugs (D:1)
  2 leopard geckos
  2 giant cockroaches (D:1)
  3 goblins (D:2)
  3 hobgoblins
  4 jackals (D:2)
  A quokka (D:2)
  2 ball pythons (D:1)
  7 bats
  2 frilled lizards
  2 gnoll zombies (D:2)
  3 kobolds
  9 rats
44 creatures vanquished.

Notes
Turn   | Place    | Note
-------+----------+-------------------------------------------
     0 | D:1      | Froggeryz the Gargoyle Berserker began the quest for the
                  | Orb.
     0 | D:1      | Reached XP level 1. HP: 14/14 MP: 1/1
     4 | D:1      | Noticed a ghoul
     6 | D:1      | Noticed a gargoyle
    10 | D:1      | Noticed a dwarf
    10 | D:1      | Noticed a vampire
    18 | D:1      | Noticed a dwarf
    20 | D:1      | Noticed a troll
   302 | D:1      | Reached XP level 2. HP: 19/19 MP: 2/2
   576 | D:1      | Found a sparkling altar of Nemelex Xobeh.
   856 | D:1      | Reached skill level 4 in Maces & Flails
   996 | D:2      | Reached XP level 3. HP: 23/23 MP: 3/3
  1107 | D:2      | Reached ** piety under Trog
  1375 | D:2      | Found a sacrificial altar of Ru.
  1542 | D:2      | Found a runed translucent door.
  1543 | D:2      | Noticed Crazy Yiuf
  1876 | D:2      | Found a basalt altar of Yredelemnul.
  1957 | D:2      | Slain by Crazy Yiuf

Illustrated notes

Levels and vault maps discovered:
D:1:      shiori_arrival_whats_in_store_for_you, layout_basic,
          minmay_misc_feat_tiny, roderic_serpentine_path,
          nemelex_diamond_rough_becter
D:2:      layout_loops_corners, lemuel_coloured_pillars_altar,
          lemuel_zombie_altar_yredelemnul, uniq_crazy_yiuf_cottage

Skill      XL: |  1  2 |
---------------+-------+-----
Maces & Flails | 4 |  4.7
Fighting       | |  3.2
Armour         | |  2.1
Dodging        | |  1.5

Action                   || total
-------------------------++-------
Melee: Mace              ||   150
Invok: Berserk           ||     1
Armor: Animal skin       ||     9
       Ring mail         ||    92
Dodge: Dodged            ||    91
